 Dungeon Crawl Stone Soup version 0.19.5 (webtiles) character file.

73 SirLoin the Shield-Bearer (level 4, -1/40 HPs)
             Began as a Minotaur Fighter on Apr 4, 2017.
             Slain by a killer bee (7 damage)
             ... on level 4 of the Dungeon.
             The game lasted 00:06:45 (1481 turns).

SirLoin the Shield-Bearer (Minotaur Fighter)        Turns: 1481, Time: 00:06:46

Health: -1/40      AC:  7    Str: 22    XL:     4   Next: 8%
Magic:  3/3        EV:  8    Int:  5    God:
Gold:   144        SH:  9    Dex:  9    Spells: 0 memorised, 3 levels left

rFire  . . .     SeeInvis .     a - +0 flail
rCold  . . .     Gourm    .     b - +0 scale mail
rNeg   . . .     Faith    .     c - +0 shield
rPois  .         Spirit   .     (helmet restricted)
rElec  .         Reflect  .     (no cloak)
rCorr  .         Harm     .     (no gloves)
MR     .....                    (no boots)
Stlth  ..........               (no amulet)
                                (no ring)
                                (no ring)

@: lethally poisoned (-1 -> -17)
A: retaliatory headbutt, horns 2
a: no special abilities


You were on level 4 of the Dungeon.
You were hungry.

You visited 1 branch of the dungeon, and saw 4 of its levels.

You collected 144 gold pieces.

Inventory:

Hand Weapons
 a - a +0 flail (weapon)
 m - a +0 hunting sling
Armour
 b - a +0 scale mail (worn)
 c - a +0 shield (worn)
Jewellery
 j - a +3 amulet of reflection {unknown}
 o - a +1 ring of protection {unknown}
Scrolls
 h - 2 scrolls of recharging {unknown}
 k - 2 scrolls of fear {unknown}
 l - 2 scrolls of remove curse {unknown}
 s - a scroll of fog {unknown}
 t - 2 scrolls of teleportation {unknown}
Potions
 d - a potion of might
 e - a potion of lignification {unknown}
 g - a potion of degeneration {unknown}
 i - 2 potions of curing {unknown}
 n - a potion of haste {unknown}
 p - 2 potions of flight {unknown}
 q - a potion of cure mutation {unknown}
Comestibles
 f - 2 bread rations


   Skills:
 + Level 4.2 Fighting
 + Level 3.4 Maces & Flails
 + Level 4.0 Armour
 + Level 0.9 Dodging
 + Level 4.4 Shields


You had 3 spell levels left.
You didn't know any spells.

Dungeon Overview and Level Annotations

Branches:
Dungeon (4/15)
 Temple: D:4-7

Altars:
Okawaru
Yredelemnul


Innate Abilities, Weirdness & Mutations

You reflexively headbutt those who attack you in melee.
You have a pair of horns on your head.


Message History

You hear the slow hiss of a very distant avalanche of sand.
You hit the killer bee but do no damage.
You feel sick. You block the killer bee's attack. x2
The killer bee barely misses you. The killer bee stings you.
You are more poisoned.
The killer bee poisons you! The killer bee stings you.
You are lethally poisoned!
The killer bee poisons you!
You closely miss the killer bee. Your headbutt misses the killer bee.
* * * LOW HITPOINT WARNING * * *
You feel sick. The killer bee stings you.
* * * LOW HITPOINT WARNING * * *
You block the killer bee's attack. x2
The killer bee stings you but does no damage.
You hit the killer bee but do no damage.
* * * LOW HITPOINT WARNING * * *
You feel sick. The killer bee barely misses you. The killer bee stings you.
* * * LOW HITPOINT WARNING * * *
You block the killer bee's attack. x3; The killer bee stings you!
You die...

#.....# #.#####
#.# #.# #.#
#.##### ## #.#...
.# ####'#y####(# #
#...yyy@....##.#
+....y##.......##.
#.....##.#........
#.....##.#<#####..
#.....##.###
#.....##....
###.......#
#.##.....# ....
.....#


You could see 5 killer bees.

Vanquished Creatures
  A gnoll (D:3)
  2 adders
  A dart slug (D:1)
  A leopard gecko (D:1)
  3 orcs (D:3)
  A ball python (D:2)
  2 bats
  2 giant cockroaches (D:2)
  6 goblins
  6 hobgoblins
  7 kobolds
  3 rats
35 creatures vanquished.

Notes
Turn   | Place    | Note
-------+----------+-------------------------------------------
     0 | D:1      | SirLoin the Minotaur Fighter began the quest for the Orb.
     0 | D:1      | Reached XP level 1. HP: 19/19 MP: 0/0
   192 | D:1      | Reached XP level 2. HP: 25/27 MP: 1/1
   602 | D:2      | Reached XP level 3. HP: 19/33 MP: 2/2
  1207 | D:3      | Found an iron altar of Okawaru.
  1248 | D:3      | Found a basalt altar of Yredelemnul.
  1348 | D:3      | Reached XP level 4. HP: 37/40 MP: 3/3
  1481 | D:4      | Slain by a killer bee

Skill      XL: |  1  2  3 |
---------------+----------+-----
Shields        | 4 |  4.4
Fighting       | 4 |  4.2
Maces & Flails | 3 |  3.4
Armour         | 4 |  4.0
Dodging        | |  0.9

Action                   |  1- 3 |  4- 6 || total
-------------------------+-------+-------++-------
Melee: Flail             |   103 |     4 ||   107
       Headbutt          |    23 |       ||    23
  Eat: Chunk             |     1 |       ||     1
Armor: Scale mail        |    53 |     4 ||    57
Dodge: Dodged            |    39 |     8 ||    47
Block: Shield            |    97 |    13 ||   110
